 Dungeon Crawl Stone Soup version 0.28-a0-1182-g381e24db82 (webtiles) character file.

Game seed: 2337009924483826449

26 flotson the Ducker (level 2, 23/23 HPs)
             Began as a Demonspawn Gladiator on Dec 16, 2021.
             Was a Follower of Wu Jian.
             Quit the game on level 1 of the Dungeon.
             The game lasted 00:01:13 (1420 turns).

flotson the Ducker (Demonspawn Gladiator)           Turns: 1420, Time: 00:01:14

Health: 23/23      AC:  4    Str: 14    XL:     2   Next: 89%
Magic:  2/2        EV: 12    Int:  9    God:    Wu Jian [*.....]
Gold:   20         SH:  0    Dex: 14    Spells: 1/1 levels left

rFire   . . .      SeeInvis .   a - +0 war axe
rCold   . . .      Faith    .   (no shield)
rNeg    . . .      Spirit   .   b - +0 leather armour
rPois   .          Reflect  .   c - +0 helmet
rElec   .          Harm     .   (no cloak)
rCorr   .          Rampage  .   (no gloves)
Will    .....                   (no boots)
Stlth   +.........              (no amulet)
HPRegen 0.07/turn               (no ring)
MPRegen 0.08/turn               (no ring)

@: no status effects
A: demonic magic 1
a: Renounce Religion


You were on level 1 of the Dungeon.
You worshipped Wu Jian.
Wu Jian was aware of your devotion.
You visited 1 branch of the dungeon, and saw 1 of its levels.

You collected 20 gold pieces.

Inventory:

Hand Weapons
 a - a +0 war axe (weapon)
Missiles
 d - 3 throwing nets (quivered)
Armour
 b - a +0 leather armour (worn)
 c - a +0 helmet (worn)
Scrolls
 h - a scroll of identify {unknown}
 i - a scroll of torment {unknown}
Potions
 e - a potion of berserk rage {unknown}
 f - 2 potions of degeneration {unknown}
 g - 4 potions of magic {unknown}
 j - a potion of mutation {unknown}
 k - a potion of brilliance {unknown}


   Skills:
 + Level 2.4 Fighting
 - Level 2.6 Axes
 + Level 2.1 Throwing
 + Level 1.0 Armour
 + Level 3.0 Dodging


You had one spell level left.
You didn't know any spells.
Your spell library was empty.

Dungeon Overview and Level Annotations

Branches:
Dungeon (1/15)

Altars:
Wu Jian


Innate Abilities, Weirdness & Mutations

Spells you cast may paralyse adjacent enemies.


Message History

The Council accepts your kill.
No target in view!
No target in view!
No target in view!
No target in view!
No target in view!
No target in view!
k - a +6 ring of intelligence You drop a +6 ring of intelligence.
You now have 20 gold pieces (gained 11).
k - a grey potion
Found a stone staircase leading down.
A goblin comes into view. It is wielding a +0 dagger.
The goblin shouts!
You lunge at the goblin.
You slash the goblin!
You kill the goblin!
The Council accepts your kill.
No target in view!
No target in view!
No target in view!
No target in view!
No target in view!
No target in view!
You see here a +0 dagger.
There is a stone staircase leading down here.
You open the door.
There is an open door here.
You open the door.
There is an open door here.
You see here a +0 dagger.
There is a stone staircase leading down here.
There is a stone staircase leading down here.
You see here a +6 ring of intelligence.
There is an open door here.
There is an open door here.
Found a chain mail.
Done exploring.
No target in view!
Done exploring.
Are you sure you want to abandon this character and quit the game? (Confirm with "yes".)

###########.#
#...........#
#.########... #.#
#.... #.# ##... #.#
#### #.#
#######.### ###
#.@......^# ##'#
#.#.#.....# ##...
#.#.#.###.# ##....
#.#.#.# #.# ##.....
#.#...###.###......
#.#.........)......
#[#.......###......
#.##.#..### ##.....
#......## ##....


There were no monsters in sight!

Vanquished Creatures
  A ball python (D:1)
  2 endoplasms (D:1)
  3 goblins (D:1)
  5 hobgoblins (D:1)
  2 jackals (D:1)
  A quokka (D:1)
  3 bats (D:1)
  A frilled lizard (D:1)
  2 kobolds (D:1)
  3 rats (D:1)
23 creatures vanquished.

Vanquished Creatures (others)
  2 withered plants (D:1)
2 creatures vanquished.

Grand Total: 25 creatures vanquished

Notes
Turn   | Place    | Note
-------+----------+-------------------------------------------
     0 | D:1      | flotson the Demonspawn Gladiator began the quest for the
                  | Orb.
     0 | D:1      | Reached XP level 1. HP: 16/16 MP: 1/1
   285 | D:1      | Gained mutation: Spells you cast may paralyse adjacent
                  | enemies. [demonic ancestry]
   285 | D:1      | Reached XP level 2. HP: 21/22 MP: 2/2
   661 | D:1      | Found a faded altar of an unknown god.
   839 | D:1      | Prayed at the altar of an unknown god.
   839 | D:1      | Became a worshipper of the Wu Jian Council
   839 | D:1      | Reached * piety under Wu Jian
  1084 | D:1      | Reached skill level 1 in Armour
  1084 | D:1      | Reached skill level 3 in Dodging
  1420 | D:1      | Quit the game

Illustrated notes

Levels and vault maps discovered:
D:1:      elethiomel_arrival_quiet, layout_loops_corners,
          ebering_ecumenical_altar_petrified

Skill      XL: |  1  2 |
---------------+-------+-----
Throwing       | 2 |  2.1
Armour         | 1 |  1.0
Dodging        | 3 |  3.0
Fighting       | |  2.4
Axes           | |  2.6

Action                   || total
-------------------------++-------
Melee: War axe           ||    56
Invok: Lunge             ||     4
Armor: Leather armour    ||    26
Dodge: Dodged            ||    45

Table legend: (Time is in decaauts)
 A = Elapsed time spent in this place.
 B = Non-inter-level travel time spent in this place.
 C = Inter-level travel time spent in this place.
 D = Time resting spent in this place.
 E = Time spent auto-exploring this place.
 F = Levels seen in this place.
 G = Mean time per level.
                   A        B        C        D        E       F      G
               +--------+--------+--------+--------+--------+-----+--------+
         Total |   1439 |   1385 |     54 |      0 |   1236 |   1 | 1439.0 |
       Dungeon |   1439 |   1385 |     54 |      0 |   1236 |   1 | 1439.0 |
               +--------+--------+--------+--------+--------+-----+--------+

Top non-repeatable levels by time:
     D:1: 1439 daAuts
